 Dungeon Crawl Stone Soup version 0.29-a0-322-g68df515428 (webtiles) character file.

Game seed: 12697265852728368178

7672 jdsmith2816 the Unseen (level 11, 68/68 HPs)
             Began as a Kobold Berserker on Apr 9, 2022.
             Was a High Priest of Trog.
             Quit the game on level 10 of the Dungeon.
             The game lasted 01:11:33 (14392 turns).

jdsmith2816 the Unseen (Kobold Berserker)          Turns: 14392, Time: 01:11:33

Health: 68/68      AC:  8    Str: 15    XL:     11   Next: 41%
Magic:  11/11      EV: 17    Int: 13    God:    Trog [*****.]
Gold:   752        SH:  0    Dex: 14    Spells: 10/10 levels left

rFire   . . .      SeeInvis +   b - +0 hand crossbow
rCold   + . .      Faith    +   (no shield)
rNeg    . . .      Spirit   .   r - +0 leather armour
rPois   .          Reflect  .   h - +2 helmet
rElec   .          Harm     .   H - +1 cloak
rCorr   .          Rampage  .   (no gloves)
Will    .....                   (no boots)
Stlth   +++++++...              A - amulet of faith {!P}
HPRegen 0.21/turn               C - ring of protection from cold
MPRegen 0.12/turn               v - ring of see invisible

@: studying Stealth
A: small, no large weapons, nightstalker 3
a: Renounce Religion, Berserk, Trog's Hand, Brothers in Arms


You were on level 10 of the Dungeon.
You worshipped Trog.
Trog was extremely pleased with you.
You visited 3 branches of the dungeon, and saw 12 of its levels.

You collected 752 gold pieces.


Innate Abilities, Weirdness & Mutations

You are small and have problems with some larger weapons.
You are completely attuned to the shadows.


   Skills:
 + Level 7.8 Fighting
 - Level 12.4 Short Blades
 * Level 6.7 Crossbows
 - Level 4.1 Armour
 - Level 7.3 Dodging
 + Level 16.5 Stealth


You had 10 spell levels left.
You didn't know any spells.
Your spell library contained the following spells:

 Spells                   Type           Power      Damage    Failure   Level
 Freeze                   Ice            0%         1d3       36%         1
 Magic Dart               Conj           0%         1d3       36%         1
 Sandblast                Erth           0%         2d4       36%         1
 Sting                    Tmut/Pois      0%         1d3       36%         1
 Call Imp                 Summ           0%         N/A       50%         2
 Corpse Rot               Necr/Air       0%         N/A       50%         2
 Passwall                 Tmut/Erth      0%         N/A       50%         2
 Poisonous Vapours        Pois/Air       0%         N/A       50%         2
 Dazzling Flash           Conj/Hex       0%         N/A       75%         3
 Frozen Ramparts          Ice            0%         1d2       75%         3
 Mephitic Cloud           Conj/Pois/Air  0%         N/A       75%         3
 Stone Arrow              Conj/Erth      0%         3d7       75%         3
 Dispel Undead            Necr           0%         3d6       98%         4
 Hailstorm                Conj/Ice       0%         3d3       98%         4
 Iskenderun's Mystic Bla  Conj/Tloc      0%         2d3       98%         4
 Olgreb's Toxic Radiance  Pois           0%         N/A       98%         4
 Iskenderun's Battlesphe  Conj           0%         2d6       100%        5
 Death Channel            Necr           0%         N/A       100%        6
 Iron Shot                Conj/Erth      0%         9d1       100%        6
 Starburst                Conj/Fire      0%         6d3       100%        6
 Spellforged Servitor     Conj/Summ      0%         N/A       100%        7

Inventory:

Hand Weapons
 a - a +3 dagger of electrocution
 b - a +0 hand crossbow (weapon)
 g - a +4 quick blade
 s - a +0 whip of electrocution
 P - a +0 rapier
Missiles
 p - 2 curare-tipped darts {=f}
 q - 17 poisoned darts
 u - a throwing net {=f}
 y - a boomerang of dispersal {=f}
Armour
 h - a +2 helmet (worn)
 o - a +0 robe of willpower
 r - a +0 leather armour (worn)
 x - a +0 chain mail of poison resistance
 H - a +1 cloak (worn)
Jewellery
 c - a ring of protection from cold
 v - a ring of see invisible (right hand)
 A - an amulet of faith (around neck) {!P}
 C - a ring of protection from cold (left hand)
 I - a +6 ring of intelligence
 N - a ring of positive energy
Wands
 e - a wand of iceblast (8)
 m - a wand of acid (8)
 t - a wand of flame (14)
 D - a wand of polymorph (6)
 F - a wand of charming (3)
Scrolls
 j - 7 scrolls of teleportation {@r2}
 l - 2 scrolls of fog
 G - 3 scrolls of blinking
 L - a scroll of summoning
 O - a scroll of magic mapping
Potions
 d - 2 potions of mutation
 f - 4 potions of flight
 i - 3 potions of curing {@q1}
 n - 2 potions of resistance
 w - 2 potions of haste {@q3}
 z - a potion of might
 B - 3 potions of heal wounds {@q2}
 E - a potion of cancellation
 J - a potion of berserk rage {!q}
 K - a potion of attraction
 Q - a potion of ambrosia {unknown}
Miscellaneous
 k - a phial of floods
 M - a lightning rod (4/4)

Dungeon Overview and Level Annotations

Branches:
Dungeon (10/15)            Temple (1/1) D:7            Lair (1/6) D:10
    Orc (0/2) D:10

Altars:
Ashenzari
Cheibriados
Dithmenos
Elyvilon
Fedhas
Gozag
Hepliaklqana
Kikubaaqudgha
Makhleb
Nemelex Xobeh
Okawaru
Qazlal
Ru
Sif Muna
Trog
Uskayaw
Vehumet
Wu Jian
Xom
Yredelemnul
Zin
The Shining One

Annotations:
D:6 Grinder

#.....##...#.....P...##
#.....##..............### ######
#......#................## #.....
#........................# #.####
#..........P..P..........###.#
#...........P........PP....#.#
#............P.............#.##
#...........P..............[..#
#...............@.............#
#......P.........P..P..P..P...#
#.........P...........P.......#
#.................P..P..P..#.##
#......P............P..P...#.#
...................P.......#.####
#.......................####.....
#...........#...............#####
#..........##..###..........##...


There were no monsters in sight!


Message History

You see here a water moccasin corpse.
A basilisk and a four-headed hydra come into view.
(D) Dungeon (T) Temple (L) Lair (O) Orcish Mines
Where to? (Enter - D:10 @ (x,y), ? - help)
There is a staircase back to the Dungeon here.
You climb upwards.
Welcome back to the Dungeon!
There is a staircase to the Lair here.
Search for what [Enter for "bolt", or ? for help]? ammo Can't find anything matching that.
Search for what [Enter for "ammo", or ? for help]? ammunition Can't find anything matching that.
Search for what [Enter for "ammunition", or ? for help]? arrow Can't find anything matching that.
Search for what [Enter for "arrow", or ? for help]? bolt Can't find anything matching that.
Okay, then.
Okay, then.
Your +3 dagger of electrocution stops crackling.
b - a +0 hand crossbow (weapon)
Shoot: b) +0 hand crossbow
Press: ? - help, Q - select action, (/) - cycle Shift-Dir - straight line, f - plant
Aim: a plant (98% to hit)
You shoot a bolt. The bolt hits the plant.
The plant begins to die.
The plant is lightly damaged.
Shoot: b) +0 hand crossbow
Press: ? - help, Q - select action, (/) - cycle Shift-Dir - straight line, f/p - plant
Aim: a plant (lightly damaged, withering away, 98% to hit)
You shoot a bolt. The bolt hits the plant!
The plant is lightly damaged.
Are you sure you want to abandon this character and quit the game? (Confirm with "yes".)

Skill      XL: |  1  2  3  4  5  6  7  8  9 10 11 |
---------------+----------------------------------+-----
Stealth        | 1 2 3 4 5 7 10 12 15 16 | 16.5
Short Blades   | 5 6 7 8 9 11 12 | 12.4
Dodging        | 6 7 |  7.3
Fighting       | 4 6 7 |  7.8
Armour         | 4 |  4.1
Crossbows      | 2 6 |  6.7

Action                   |  1- 3 |  4- 6 |  7- 9 | 10-12 || total
-------------------------+-------+-------+-------+-------++-------
Melee: Short sword       |    57 |    63 |       |       ||   120
       Dagger            |       |   150 |   196 |   418 ||   764
       Punch             |       |     1 |     6 |     3 ||    10
       Rapier            |       |       |       |     1 ||     1
 Fire: Hand crossbow     |       |       |       |     2 ||     2
Throw: Stone             |       |       |     2 |       ||     2
Invok: Berserk           |     3 |     5 |     7 |     5 ||    20
  Use: Potion            |       |     2 |       |     2 ||     4
       Scroll            |       |    12 |     8 |     5 ||    25
 Stab: Sleeping          |     8 |    21 |    22 |    24 ||    75
       Distracted        |       |       |     2 |     4 ||     6
Armor: Animal skin       |     3 |     4 |       |       ||     7
       Skin              |       |    25 |       |       ||    25
       Leather armour    |       |    19 |    24 |    51 ||    94
Dodge: Dodged            |    32 |   140 |    69 |   231 ||   472

Levels and vault maps discovered:
D:1:      matt_arrival_refuge, layout_loops_corners
D:2:      layout_basic, minmay_hexomino_f4, uniq_robin
D:3:      layout_basic, amcnicky_altar_gilded, mainiacjoe_overflow_paths,
          shapermc_ecumenical_altar_acropolis
D:4:      layout_rooms, grunt_ministairs_9, minmay_manual_maat
D:5:      layout_loops_cross, mainiacjoe_overflow_alcove_1,
          mainiacjoe_overflow_alcove_2, nicolae_overflow_squiral,
          uniq_prince_ribbit1
D:6:      layout_cave_pools, nicolae_sextant, amcnicky_mini_corridor_feature,
          uniq_grinder
D:7:      layout_basic, nicolae_sif_muna_little_library,
          minmay_temple_entry_mist, minmay_between
D:8:      layout_rooms
D:9:      layout_roguey, tgw_trog
D:10:     layout_basic, grunt_gozag_statues, due_lair_maze_entry_diamond,
          zombieorc1_lemuel, serial_corexii_hall, corexii_hall_statues_x,
          chequers_hall_statues_corner_a
Temple:   oiseaux_autumnal_temple
Lair:1:   layout_gridlike, ebering_ghost_funeral_grove, uniq_maggie, uniq_joseph

Notes
Turn   | Place    | Note
-------+----------+-------------------------------------------
     0 | D:1      | jdsmith2816 the Kobold Berserker began the quest for the
                  | Orb.
     0 | D:1      | Reached XP level 1. HP: 14/14 MP: 1/1
   499 | D:1      | Reached skill level 1 in Stealth
   834 | D:1      | Reached XP level 2. HP: 19/19 MP: 2/2
  1213 | D:2      | Reached XP level 3. HP: 19/23 MP: 3/3
  1264 | D:2      | Reached skill level 5 in Short Blades
  1279 | D:2      | Reached skill level 2 in Stealth
  1625 | D:2      | Noticed Robin
  1632 | D:2      | Reached XP level 4. HP: 24/28 MP: 4/4
  1642 | D:2      | Killed Robin
  1733 | D:2      | Reached skill level 3 in Stealth
  1799 | D:2      | Reached skill level 6 in Short Blades
  2048 | D:2      | Reached XP level 5. HP: 32/32 MP: 5/5
  2747 | D:3      | Found a sacrificial altar of Ru.
  2985 | D:3      | Identified a potion of resistance
  3063 | D:3      | Reached ** piety under Trog
  3103 | D:3      | Reached skill level 7 in Short Blades
  3103 | D:3      | Reached skill level 4 in Stealth
  3481 | D:3      | Found a white marble altar of Elyvilon.
  3523 | D:3      | Reached XP level 6. HP: 36/37 MP: 6/6
  3633 | D:3      | Found a faded altar of an unknown god.
  4103 | D:4      | Reached skill level 8 in Short Blades
  4103 | D:4      | Reached skill level 5 in Stealth
  4314 | D:4      | Noticed a black bear
  4346 | D:4      | Reached XP level 7. HP: 41/41 MP: 7/7
  4602 | D:4      | Reached skill level 9 in Short Blades
  4602 | D:4      | Reached skill level 6 in Stealth
  5001 | D:4      | Reached skill level 7 in Stealth
  5001 | D:4      | Reached XP level 8. HP: 46/46 MP: 8/8
  5321 | D:5      | Entered Level 5 of the Dungeon
  5354 | D:5      | Reached skill level 10 in Short Blades
  5444 | D:5      | Reached skill level 8 in Stealth
  5483 | D:5      | Noticed Prince Ribbit
  5487 | D:5      | Killed Prince Ribbit
  5498 | D:5      | Found a burning altar of Makhleb.
  5503 | D:5      | Found an iron altar of Okawaru.
  5548 | D:5      | Found an ancient bone altar of Kikubaaqudgha.
  5640 | D:5      | Reached *** piety under Trog
  5650 | D:5      | Reached skill level 11 in Short Blades
  5650 | D:5      | Reached skill level 9 in Stealth
  5752 | D:5      | Found an ornate altar of the Wu Jian Council.
  6384 | D:6      | Noticed Grinder
  6398 | D:6      | Reached skill level 10 in Stealth
  6403 | D:6      | Reached XP level 9. HP: 51/51 MP: 9/9
  6452 | D:6      | Reached skill level 12 in Short Blades
  6735 | D:6      | Reached skill level 11 in Stealth
  7031 | D:6      | Reached skill level 3 in Dodging
  7343 | D:7      | Reached skill level 4 in Dodging
  7396 | D:7      | Reached skill level 4 in Fighting
  7581 | D:7      | Reached skill level 12 in Stealth
  7695 | D:7      | Reached skill level 5 in Dodging
  7768 | D:7      | Reached **** piety under Trog
  8133 | D:7      | Found a shimmering blue altar of Sif Muna.
  8428 | D:7      | Reached skill level 6 in Dodging
  8588 | D:7      | Found a staircase to the Ecumenical Temple.
  8706 | D:7      | Reached XP level 10. HP: 53/58 MP: 10/10
  8907 | Temple   | Entered the Ecumenical Temple
  9281 | D:8      | Reached skill level 5 in Fighting
  9281 | D:8      | Reached skill level 13 in Stealth
  9581 | D:8      | Reached skill level 7 in Dodging
 10237 | D:9      | Noticed a moth of wrath
 10240 | D:9      | Found a bloodstained altar of Trog.
 10468 | D:9      | Noticed a two-headed ogre
 10490 | D:9      | Noticed a two-headed ogre
 10500 | D:9      | Reached skill level 2 in Armour
 10510 | D:9      | Reached skill level 14 in Stealth
 11163 | D:9      | Reached ***** piety under Trog
 11181 | D:9      | Reached skill level 6 in Fighting
 11398 | D:9      | Reached skill level 3 in Armour
 11708 | D:10     | Entered Level 10 of the Dungeon
 12039 | D:10     | Found an opulent altar of Gozag.
 12064 | D:10     | Reached skill level 4 in Armour
 12111 | D:10     | Reached skill level 15 in Stealth
 12443 | D:10     | Found a staircase to the Lair.
 12463 | D:10     | Reached skill level 1 in Crossbows
 12604 | D:10     | Reached skill level 2 in Crossbows
 12624 | D:10     | Reached XP level 11. HP: 66/66 MP: 11/11
 12679 | D:10     | Received a gift from Trog
 12680 | D:10     | Reached skill level 3 in Crossbows
 12718 | D:10     | Reached skill level 7 in Fighting
 12900 | D:10     | Found a staircase to the Orcish Mines.
 12908 | D:10     | Reached skill level 4 in Crossbows
 13355 | D:10     | Reached skill level 5 in Crossbows
 13355 | D:10     | Reached skill level 16 in Stealth
 13972 | Lair:1   | Entered Level 1 of the Lair of Beasts
 13992 | Lair:1   | Reached skill level 6 in Crossbows
 14321 | Lair:1   | Noticed a four-headed hydra
 14392 | D:10     | Quit the game

Vanquished Creatures
  2 cane toads (Lair:1)
  A troll (D:10)
  Prince Ribbit (D:5)
  2 shadows (D:10)
  4 wyverns
  5 yaks (D:10)
  2 steam dragons
  4 water moccasins
  An orc warrior (D:7)
  2 sky beasts
  6 black bears
  2 ice beasts
  3 ogres
  3 centaurs
  3 phantoms
  2 kobold brigands
  5 bullfrogs
  2 scorpions
  2 necrophages
  3 troll zombies (D:10)
  6 killer bees (D:9)
  7 howler monkeys
  4 gnoll shamans
  3 hounds
  5 orc priests
  4 jellies
  3 iguanas
  9 orc wizards
  2 ogre zombies (D:10)
  Robin (D:2)
  19 gnolls
  10 adders
  4 white imps
  4 worms
  42 orcs
  5 ball pythons
  6 bats
  9 endoplasms
  7 giant cockroaches
  10 goblins
  7 hobgoblins
  4 jackals
  17 kobolds
  5 quokkas
  A goblin skeleton (D:10)
  A goblin zombie (D:10)
  A hobgoblin skeleton (D:10)
  2 hobgoblin zombies (D:10)
  An orc skeleton (D:10)
  12 orc zombies (D:10)
  8 rats
274 creatures vanquished.

Vanquished Creatures (collateral kills)
  A jelly (D:7)
1 creature vanquished.

Vanquished Creatures (others)
  44 fungi (D:10)
  55 plants (D:10)
99 creatures vanquished.

Grand Total: 374 creatures vanquished

Table legend: (Time is in decaauts)
 A = Elapsed time spent in this place.
 B = Non-inter-level travel time spent in this place.
 C = Inter-level travel time spent in this place.
 D = Time resting spent in this place.
 E = Time spent auto-exploring this place.
 F = Levels seen in this place.
 G = Mean time per level.
                   A        B        C        D        E       F      G
               +--------+--------+--------+--------+--------+-----+--------+
         Total |  14210 |  13316 |    894 |   3491 |   7182 |  12 | 1184.2 |
       Dungeon |  13456 |  12656 |    800 |   3391 |   6699 |  10 | 1345.6 |
        Temple |    352 |    321 |     31 |      0 |    307 |   1 |  352.0 |
          Lair |    401 |    339 |     62 |    100 |    175 |   1 |  401.0 |
               +--------+--------+--------+--------+--------+-----+--------+

Top non-repeatable levels by time:
    D:10: 2104 daAuts
     D:7: 1629 daAuts
     D:2: 1592 daAuts
     D:3: 1356 daAuts
     D:4: 1348 daAuts
     D:9: 1321 daAuts
     D:8: 1114 daAuts
     D:1: 1093 daAuts
     D:6: 983 daAuts
     D:5: 912 daAuts
  Lair:1: 401 daAuts
  Temple: 352 daAuts

Table legend:
 A = Non-vault XP
 B = Vault XP
 C = Vault XP percentage of total XP
 D = Non-vault monster count
 E = Vault monster count
 F = Vault count percentage of total count
                 A         B        C        D         E       F
            +---------+---------+-------+---------+---------+-------
      Total |    8172 |    2789 |  25.4 |     208 |      67 |  24.4
            +---------+---------+-------+---------+---------+-------
        D:1 |      10 |       0 |   0.0 |       5 |       0 |   0.0
        D:2 |     149 |      37 |  19.9 |      28 |      13 |  31.7
        D:3 |      87 |      16 |  15.5 |      25 |       2 |   7.4
        D:4 |     468 |     306 |  39.5 |      27 |       8 |  22.9
        D:5 |     407 |     259 |  38.9 |      15 |       1 |   6.2
        D:6 |    1010 |       0 |   0.0 |      16 |       0 |   0.0
        D:7 |     751 |     437 |  36.8 |      18 |       4 |  18.2
        D:8 |     828 |       0 |   0.0 |      29 |       0 |   0.0
        D:9 |    1082 |      17 |   1.5 |      24 |       5 |  17.2
       D:10 |    2197 |    1717 |  43.9 |      16 |      34 |  68.0
     Lair:1 |    1183 |       0 |   0.0 |       5 |       0 |   0.0
            +---------+---------+-------+---------+---------+-------
